 Dungeon Crawl Stone Soup version 0.22.0 (webtiles) character file.

76 EvilAliv3 the Vexing (level 4, -5/25 HPs)
             Began as a Deep Elf Arcane Marksman on Aug 23, 2018.
             Slain by an orc
             ... wielding a +0 war axe
              (9 damage)
             ... on level 3 of the Dungeon.
             The game lasted 00:11:25 (2944 turns).

EvilAliv3 the Vexing (Deep Elf Arcane Marksman)     Turns: 2944, Time: 00:11:25

Health: -5/25      AC:  3    Str:  7    XL:     4   Next: 12%
Magic:  8/9        EV: 12    Int: 19    God:
Gold:   78         SH:  0    Dex: 15    Spells: 6/7 levels left

rFire    . . .     SeeInvis .   b - +2 short sword (drain)
rCold    . . .     Gourm    .   (no shield)
rNeg     . . .     Faith    .   n - +0 leather armour
rPois    .         Spirit   .   (no helmet)
rElec    .         Reflect  .   (no cloak)
rCorr    .         Harm     .   (no gloves)
MR       .....                  (no boots)
Stlth    +.........             (no amulet)
HPRegen  0.08/turn              (no ring)
MPRegen  0.11/turn              (no ring)

@: lethally poisoned (-5 -> -8), drained
A: no striking features
a: no special abilities


You were on level 3 of the Dungeon.
You were not hungry.

You visited 1 branch of the dungeon, and saw 3 of its levels.

You collected 78 gold pieces.

Inventory:

Hand Weapons
 a - a +0 shortbow
 b - a +2 short sword of draining (weapon)
Missiles
 d - 7 arrows
Armour
 i - a +1 helmet
 n - a +0 leather armour (worn)
Scrolls
 c - 2 scrolls of enchant weapon
 e - a scroll of blinking {unknown}
 j - a scroll of enchant armour {unknown}
 k - 2 scrolls of identify {unknown}
 l - a scroll of magic mapping {unknown}
 m - a scroll of teleportation {unknown}
Potions
 g - a potion of might
Comestibles
 f - a ration
 h - 3 chunks of flesh


   Skills:
 + Level 1.4(1.3) Fighting
 * Level 3.3(3.1) Bows
 + Level 3.1(3.0) Dodging
 + Level 2.4(2.3) Spellcasting
 + Level 4.5(4.3) Hexes


You had 6 spell levels left.
You knew the following spells:

 Your Spells              Type           Power        Failure   Level  Hunger
a - Corona                Hex            ###....      4%          1    #......

Your spell library contained the following spells:

 Spells                   Type           Power        Failure   Level  Hunger
 Cause Fear               Hex            ###.......   38%         4    #####..
 Slow                     Hex            ###.....     6%          2    ##.....
 Portal Projectile        Hex/Tloc       ##....       30%         3    ###....
 Leda's Liquefaction      Hex/Erth       ##........   69%         4    #####..
 Inner Flame              Hex/Fire       ##......     30%         3    ###....


Dungeon Overview and Level Annotations

Branches:
Dungeon (3/15)

Altars:

Annotations:
D:2 Robin
D:3 Terence


Message History

The goblin closely misses you. The goblin misses you.
You feel sick. The kobold hits you but does no damage.
The goblin hits you but does no damage.
There is a stone staircase leading down here.
The adder barely misses you. The kobold barely misses you.
Robin throws the goblin at you! The adder barely misses you.
You climb downwards.
You hear the sound of rushing water.
There is an entrance to a sewer on this level.
Hurry and find it before the portal rusts away!
A jackal, a hobgoblin, an orc and Terence come into view.
The orc shouts!
Terence shouts!
The jackal barks!
You hear a shout! x2
You hear a bark!
You hear a shout!
Found 22 arrows and 8 gold pieces.
There is a stone staircase leading up here.
The goblin hits you but does no damage. The kobold hits you but does no damage.
The adder bites you.
* * * LOW HITPOINT WARNING * * *
Terence hits you but does no damage. The orc hits you with a war axe!
You die...

#####
#.S@#
#o@.#
#.g.K#
#...##
#....#
#....##
#..(8.
....h..
..g#...


You could see Terence, an adder, an orc, a jackal, a hobgoblin, a goblin and a
kobold.

Vanquished Creatures
  3 adders (D:2)
  A worm (D:2)
  2 leopard geckos (D:1)
  3 bats
  A giant cockroach (D:2)
  5 goblins
  6 hobgoblins
  7 jackals (D:1)
  4 kobolds
  2 quokkas (D:2)
  2 frilled lizards
  3 rats
39 creatures vanquished.

Notes
Turn   | Place    | Note
-------+----------+-------------------------------------------
     0 | D:1      | EvilAliv3 the Deep Elf Arcane Marksman began the quest for the Orb.
     0 | D:1      | Reached XP level 1. HP: 11/11 MP: 5/5
   342 | D:1      | Reached skill level 1 in Fighting
   359 | D:1      | Reached XP level 2. HP: 16/16 MP: 2/6
  1254 | D:1      | Reached XP level 3. HP: 2/20 MP: 4/8
  2557 | D:2      | Reached XP level 4. HP: 24/25 MP: 6/9
  2934 | D:2      | Noticed Robin
  2943 | D:3      | Noticed Terence
  2944 | D:3      | Slain by an orc

Skill      XL: |  1  2  3 |
---------------+----------+-----
Fighting       | 1 |  1.4
Spellcasting   | 2 |  2.4
Bows           | 3 |  3.3
Dodging        | 3 |  3.1
Hexes          | |  4.5

Action                   |  1- 3 |  4- 6 || total
-------------------------+-------+-------++-------
Melee: Dagger            |    33 |       ||    33
       Short sword       |    43 |     9 ||    52
 Fire: Shortbow          |    56 |    13 ||    69
 Cast: Corona            |    32 |     7 ||    39
  Use: Potion            |     1 |       ||     1
       Scroll            |       |     1 ||     1
 Stab: Sleeping          |     1 |       ||     1
  Eat: Chunk             |     4 |     3 ||     7
Armor: Robe              |     1 |       ||     1
       Leather armour    |    26 |     8 ||    34
Dodge: Dodged            |    68 |    24 ||    92
